 Dungeon Crawl Stone Soup version 0.30-a0-953-g5f1da4a474 (webtiles) character file.

Game seed: 3183990288263739357

725 qeuew the Ducker (level 7, -4/60 HPs)
             Began as a Gnoll Monk on Mar 28, 2023.
             Slain by Duvessa
             ... wielding a +0 rapier
              (7 damage)
             ... on level 5 of the Dungeon.
             The game lasted 00:05:47 (4411 turns).

qeuew the Ducker (Gnoll Monk)                       Turns: 4411, Time: 00:05:47

Health: -4/60      AC:  9    Str: 10    XL:     7   Next: 72%
Magic:  11/11      EV: 13    Int: 15    God:
Gold:   238        SH:  0    Dex: 16    Spells: 11/11 levels left

rFire   . . .      SeeInvis .    t - +7 short sword "Orb Guardian's Regret" {speed, Will- Int+5}
rCold   . . .      Faith    .    (no shield)
rNeg    . . .      Spirit   .    k - +0 ring mail
rPois   +          Reflect  .    (helmet restricted)
rElec   .          Rampage  .    n - +1 cloak {rPois}
rCorr   .                        (no gloves)
Will    .....                    (no boots)
Stlth   +                        (no amulet)
HPRegen 0.30/turn                (no ring)
MPRegen 0.12/turn                (no ring)

@: confused, lethally poisoned (-4 -> -8), ambrosia-drunk
A: fangs 1, strong nose, distributed training, horns 1, iridescent scales 1
a: no special abilities


You were on level 5 of the Dungeon.
You visited 1 branch of the dungeon, and saw 5 of its levels.

You collected 238 gold pieces.

Inventory:

Hand Weapons
 q - the +3 mace of Kindness {freeze, +Blink rCorr Str+3 Dex-2}
   (You found it on level 4 of the Dungeon)

   Str:       It affects your strength (+3).
   Dex:       It affects your dexterity (-2).
   +Blink:    It lets you blink.
   rCorr:     It protects you from acid and corrosion.
 t - the +7 short sword "Orb Guardian's Regret" (weapon) {speed, Will- Int+5}
   (You found it on level 4 of the Dungeon)

   Int:       It affects your intelligence (+5).
   Will:      It decreases your willpower.
Armour
 k - a +0 ring mail (worn)
 n - a +1 cloak of poison resistance (worn)
Wands
 p - a wand of paralysis (6)
Scrolls
 a - 2 scrolls of identify
 b - a scroll of noise {unknown}
 d - a scroll of enchant armour
 e - a scroll of brand weapon
 g - a scroll of fear
 i - 2 scrolls of enchant weapon
 l - a scroll of blinking
 m - a scroll of teleportation
 o - 2 scrolls of magic mapping
 r - a scroll of poison {unknown}
Potions
 f - 3 potions of mutation
 h - 2 potions of resistance
 s - a potion of might {unknown}


   Skills:
 + Level 7.1 Fighting
 + Level 2.7 Short Blades
 + Level 7.1 Long Blades
 + Level 2.7 Axes
 + Level 2.7 Maces & Flails
 + Level 2.7 Polearms
 + Level 2.7 Staves
 + Level 2.7 Ranged Weapons
 + Level 2.7 Throwing
 + Level 2.7 Armour
 + Level 7.1 Dodging
 + Level 5.0 Stealth
 + Level 2.7 Shields
 + Level 2.7 Unarmed Combat
 + Level 2.7 Spellcasting
 + Level 2.2 Conjurations
 + Level 2.2 Hexes
 + Level 2.2 Summonings
 + Level 2.2 Necromancy
 + Level 2.2 Translocations
 + Level 2.2 Transmutations
 + Level 2.2 Fire Magic
 + Level 2.2 Ice Magic
 + Level 2.2 Air Magic
 + Level 2.2 Earth Magic
 + Level 2.2 Poison Magic
 + Level 3.0 Invocations
 + Level 2.7 Evocations


You had 11 spell levels left.
You didn't know any spells.
Your spell library contained the following spells:

 Spells                   Type           Power      Damage    Failure   Level
 Freeze                   Ice            32%        1d5       21%         1
 Kiss of Death            Conj/Necr      32%        2d7       21%         1
 Confusing Touch          Hex            8%         N/A       52%         3
 Frozen Ramparts          Ice            16%        1d3       52%         3
 Hailstorm                Conj/Ice       8%         3d4       52%         3
 Dispel Undead            Necr           8%         3d8       89%         4
 Ice Form                 Ice/Tmut       8%         N/A       89%         4
 Simulacrum               Ice/Necr       4%         N/A       100%        6


Dungeon Overview and Level Annotations

Branches:
Dungeon (5/15)
 Temple: D:4-7

Altars:
Vehumet

Annotations:
D:3 2 transporters, DeathPants's ghost, amateur VSGl
D:4 2 transporters, SkeletonJelly's ghost, amateur SpHu
D:5 Duvessa


Innate Abilities, Weirdness & Mutations

You have very sharp teeth.
Your uncanny sense of smell can sniff out nearby items.
Your experience applies equally to all skills.
You have a pair of small horns on your head.
You are partially covered in iridescent scales. (AC +2)


Message History

You are too injured to fight recklessly!
You are too injured to fight recklessly!
You are too injured to fight recklessly!
You are too injured to fight recklessly!
You are too injured to fight recklessly!
You are too injured to fight recklessly!
You are too injured to fight recklessly!
You are too injured to fight recklessly!
You are too injured to fight recklessly!
Duvessa is nearby!
You hit Duvessa. You headbutt Duvessa!
Duvessa is moderately wounded.
You feel sick. Duvessa hits you with a +0 rapier.
* * * LOW HITPOINT WARNING * * *
Throw: 2 throwing nets
Press: ? - help, Q - select action, (/) - cycle Shift-Dir - straight line, f - Duvessa
Aim: Duvessa, wielding a +0 rapier and wearing a +0 chain mail (moderately wounded, berserk, 74% to hit)
You throw a throwing net. The throwing net hits Duvessa.
Duvessa is caught in the net!
Duvessa is moderately wounded.
You feel sick.
Duvessa struggles against the net.
You hit Duvessa but do no damage.
Duvessa is moderately wounded.
You feel sick.
Duvessa struggles against the net.
You hit Duvessa but do no damage.
Duvessa is moderately wounded.
You feel sick.
Duvessa struggles against the net.
The net rips apart, and Duvessa comes free!
Okay, then.
Throw: throwing net
Press: ? - help, Q - select action, (/) - cycle Shift-Dir - straight line, f/p - Duvessa
Aim: Duvessa, wielding a +0 rapier and wearing a +0 chain mail (moderately wounded, berserk, 74% to hit)
You throw a throwing net. The throwing net barely misses Duvessa.
You feel sick. Duvessa hits you with a +0 rapier.
* * * LOW HITPOINT WARNING * * *
You are confused.
You feel invigorated.
You feel sick. Duvessa hits you with a +0 rapier.
* * * LOW HITPOINT WARNING * * *
Duvessa hits you with a +0 rapier!
You die...

..................###.
..
..........#.........
#.
................#....
..
.....................
#.....###.......###..
. #.##..........).# #
# ...#..#.......## .
.......<......... .
..<###..#@e..>(# # #
####)###### #.# #.. #
... #... ####


You could see Duvessa (berserk).

Vanquished Creatures
  Menkaure (D:4)
  2 ogres
  A scorpion (D:5)
  Dowan (D:5)
  A jelly (D:5)
  Crazy Yiuf (D:2)
  2 iguanas
  Natasha (twice) (D:4)
  9 adders
  3 worms
  5 dart slugs
  3 orcs
  4 ball pythons
  5 endoplasms
  2 giant cockroaches
  5 goblins
  7 hobgoblins
  6 jackals (D:4)
  6 quokkas
  9 bats
  3 frilled lizards
  6 kobolds
  6 rats
90 creatures vanquished.

Notes
Turn   | Place    | Note
-------+----------+-------------------------------------------
     0 | D:1      | qeuew the Gnoll Monk began the quest for the Orb.
     0 | D:1      | Reached XP level 1. HP: 23/23 MP: 1/1
    67 | D:1      | Found a faded altar of an unknown god.
   149 | D:1      | Reached XP level 2. HP: 29/29 MP: 2/2
   612 | D:1      | Reached XP level 3. HP: 35/35 MP: 3/3
   972 | D:1      | Gained mutation: You are weak. (Str -2) [potion of
                  | mutation]
   972 | D:1      | Gained mutation: Your system is resistant to poisons.
                  | (rPois) [potion of mutation]
  1116 | D:2      | Reached skill level 1 in Invocations
  1176 | D:2      | Found a runed translucent door.
  1177 | D:2      | Noticed Crazy Yiuf
  1620 | D:2      | Reached skill level 1 in Short Blades
  1620 | D:2      | Reached skill level 1 in Axes
  1620 | D:2      | Reached skill level 1 in Maces & Flails
  1620 | D:2      | Reached skill level 1 in Polearms
  1620 | D:2      | Reached skill level 1 in Staves
  1620 | D:2      | Reached skill level 1 in Ranged Weapons
  1620 | D:2      | Reached skill level 1 in Throwing
  1620 | D:2      | Reached skill level 1 in Armour
  1620 | D:2      | Reached skill level 1 in Shields
  1620 | D:2      | Reached skill level 1 in Unarmed Combat
  1620 | D:2      | Reached skill level 1 in Spellcasting
  1620 | D:2      | Reached skill level 1 in Evocations
  1684 | D:2      | Reached XP level 4. HP: 41/41 MP: 5/5
  1760 | D:2      | Reached skill level 1 in Conjurations
  1760 | D:2      | Reached skill level 1 in Hexes
  1760 | D:2      | Reached skill level 1 in Summonings
  1760 | D:2      | Reached skill level 1 in Necromancy
  1760 | D:2      | Reached skill level 1 in Translocations
  1760 | D:2      | Reached skill level 1 in Transmutations
  1760 | D:2      | Reached skill level 1 in Fire Magic
  1760 | D:2      | Reached skill level 1 in Ice Magic
  1760 | D:2      | Reached skill level 1 in Air Magic
  1760 | D:2      | Reached skill level 1 in Earth Magic
  1760 | D:2      | Reached skill level 1 in Poison Magic
  2058 | D:2      | HP: 2/41 [Crazy Yiuf/+2 quarterstaff of chaos (1)]
  2060 | D:2      | Killed Crazy Yiuf
  2272 | D:3      | Found a radiant altar of Vehumet.
  2293 | D:3      | Reached XP level 5. HP: 45/47 MP: 7/7
  2447 | D:3      | Found a transporter.
  2454 | D:3      | Noticed DeathPants's ghost (amateur VSGl)
  2455 | D:3      | Found a transporter.
  2456 | D:3      | Identified the +6 great mace of Ujiciech {holy, rF+ rN+}
  2456 | D:3      | Noticed an ogre
  2842 | D:3      | Lost mutation: You are weak. (Str -2) [potion of mutation]
  2842 | D:3      | Lost mutation: Your system is resistant to poisons. (rPois)
                  | [potion of mutation]
  2842 | D:3      | Gained mutation: You have a pair of small horns on your
                  | head. [potion of mutation]
  2842 | D:3      | Gained mutation: You are partially covered in iridescent
                  | scales. (AC +2) [potion of mutation]
  2932 | D:4      | Found a transporter.
  2938 | D:4      | Noticed SkeletonJelly's ghost (amateur SpHu)
  3012 | D:4      | Found a transporter.
  3138 | D:4      | Identified the +3 mace of Kindness {freeze, +Blink rCorr
                  | Str+3 Dex-2}
  3179 | D:4      | Noticed an ogre
  3188 | D:4      | Killed an ogre
  3189 | D:4      | Reached XP level 6. HP: 33/53 MP: 8/8
  3438 | D:4      | Noticed Natasha
  3440 | D:4      | Killed Natasha
  3493 | D:4      | Identified the +7 short sword "Orb Guardian's Regret"
                  | {speed, Will- Int+5}
  3843 | D:4      | Noticed Natasha
  3857 | D:4      | Killed Natasha
  3948 | D:5      | Entered Level 5 of the Dungeon
  4247 | D:5      | Noticed Menkaure
  4255 | D:4      | Killed Menkaure
  4256 | D:4      | Reached XP level 7. HP: 45/60 MP: 10/10
  4382 | D:5      | Reached skill level 5 in Stealth
  4395 | D:5      | Noticed Dowan
  4396 | D:5      | Noticed Duvessa
  4404 | D:5      | Killed Dowan
  4411 | D:5      | HP: 3/60 [Duvessa/+0 rapier (6)]
  4411 | D:5      | Slain by Duvessa

Illustrated notes

Levels and vault maps discovered:
D:1:      minmay_arrival_checkered_box, layout_basic, basic_ecumenical_altar
D:2:      layout_loops_corners, uniq_crazy_yiuf_cottage
D:3:      layout_loops_cross, mainiacjoe_overflow_alcove_4,
          gammafunk_ghost_smash
D:4:      layout_layer_cave, gammafunk_ghost_arena, patterned_corridor,
          uniq_natasha
D:5:      layout_rooms, uniq_menkaure, uniq_duvessa

Skill      XL: |  1  2  3  4  5  6  7 |
---------------+----------------------+-----
Invocations    | 1 2 3 |  3.0
Short Blades   | 1 2 |  2.7
Axes           | 1 2 |  2.7
Maces & Flails | 1 2 |  2.7
Polearms       | 1 2 |  2.7
Staves         | 1 2 |  2.7
Ranged Weapons | 1 2 |  2.7
Throwing       | 1 2 |  2.7
Armour         | 1 2 |  2.7
Shields        | 1 2 |  2.7
Unarmed Combat | 1 2 |  2.7
Spellcasting   | 1 2 |  2.7
Evocations     | 1 2 |  2.7
Conjurations   | 1 2 |  2.2
Hexes          | 1 2 |  2.2
Summonings     | 1 2 |  2.2
Necromancy     | 1 2 |  2.2
Translocations | 1 2 |  2.2
Transmutations | 1 2 |  2.2
Fire Magic     | 1 2 |  2.2
Ice Magic      | 1 2 |  2.2
Air Magic      | 1 2 |  2.2
Earth Magic    | 1 2 |  2.2
Poison Magic   | 1 2 |  2.2
Fighting       | 7 |  7.1
Long Blades    | 7 |  7.1
Dodging        | 7 |  7.1
Stealth        | 5 |  5.0

Action                     |  1- 3 |  4- 6 |  7- 9 || total
---------------------------+-------+-------+-------++-------
  Melee: Falchion          |   122 |    78 |       ||   200
         Bite              |     7 |     8 |     1 ||    16
         Punch             |     2 |     2 |       ||     4
         Mace              |       |    10 |       ||    10
         Headbutt          |       |     9 |     7 ||    16
         Short sword       |       |    40 |    26 ||    66
  Throw: Throwing net      |       |       |     2 ||     2
    Use: Scroll            |     4 |     5 |       ||     9
         Potion            |     2 |     2 |     1 ||     5
   Stab: Sleeping          |     6 |     5 |       ||    11
 Armour: Robe              |    20 |       |       ||    20
         Ring mail         |    19 |    41 |    10 ||    70
  Dodge: Dodged            |    85 |    79 |    16 ||   180

Table legend: (Time is in decaauts)
 A = Elapsed time spent in this place.
 B = Non-inter-level travel time spent in this place.
 C = Inter-level travel time spent in this place.
 D = Time resting spent in this place.
 E = Time spent auto-exploring this place.
 F = Levels seen in this place.
 G = Mean time per level.
                   A        B        C        D        E       F      G
               +--------+--------+--------+--------+--------+-----+--------+
         Total |   4380 |   4210 |    170 |      0 |   3505 |   5 |  876.0 |
       Dungeon |   4380 |   4210 |    170 |      0 |   3505 |   5 |  876.0 |
               +--------+--------+--------+--------+--------+-----+--------+

Top non-repeatable levels by time:
     D:4: 1106 daAuts
     D:2: 1101 daAuts
     D:1: 1007 daAuts
     D:3: 735 daAuts
     D:5: 430 daAuts
